 Dungeon Crawl Stone Soup version 0.21.0-37-g46506fa (webtiles) character file.

20753 Mimshu the Impaler (level 12, 0/111 HPs)
             Began as a Minotaur Berserker on Jan 30, 2018.
             Was a High Priest of Trog.
             Slain by a red ugly thing (10 damage)
             ... on level 11 of the Dungeon.
             The game lasted 00:38:13 (14520 turns).

Mimshu the Impaler (Minotaur Berserker)            Turns: 14520, Time: 00:38:14

Health: 0/111      AC: 18    Str: 25    XL:     12   Next: 48%
Magic:  11/11      EV: 18    Int:  6    God:    Trog [*****.]
Gold:   693        SH:  0    Dex: 14    Spells: 11/11 levels left

rFire    . . .     SeeInvis .   U - +6 trident (venom)
rCold    . . .     Gourm    .   (no shield)
rNeg     + . .     Faith    .   v - +7 ring mail "Murillon" {rN+ Int+2}
rPois    .         Spirit   .   (helmet restricted)
rElec    .         Reflect  .   (no cloak)
rCorr    .         Harm     .   (no gloves)
MR       +....                  d - +2 pair of boots
Stlth    +.........             (no amulet)
HPRegen  0.28/turn              t - +2 ring of dexterity
MPRegen  0.12/turn              C - ring of protection from magic

@: berserk cooldown, slowed, very slow
A: retaliatory headbutt, horns 2
a: Berserk, Trog's Hand, Brothers in Arms, Burn Spellbooks, Renounce Religion


You were on level 11 of the Dungeon.
You worshipped Trog.
Trog was extremely pleased with you.
You were not hungry.

You visited 3 branches of the dungeon, and saw 14 of its levels.

You collected 749 gold pieces.
You spent 56 gold pieces at shops.

Inventory:

Hand Weapons
 a - a +0 spear
 E - a +0 scythe
 P - a +4 trident of protection
 T - a +6 halberd of venom
 U - a +6 trident of venom (weapon)
Missiles
 e - 323 stones
 w - 4 throwing nets
 Q - 6 javelins of penetration (quivered)
Armour
 d - a +2 pair of boots (worn)
 v - the +7 ring mail "Murillon" (worn) {rN+ Int+2}
   (You found it on level 11 of the Dungeon)

   It affects your intelligence (+2).
   It protects you from negative energy.
 O - a +0 plate armour
 R - a +1 ring mail of fire resistance
 V - a +0 troll leather armour
Jewellery
 f - an uncursed ring of flight
 k - the ring of the Mage {Wiz MR++ Int+3}
   (You found it on level 10 of the Dungeon)

   [ring of wizardry]

   It improves your spell success rate.
   It affects your intelligence (+3).
   It affects your resistance to hostile enchantments.
 t - a +2 ring of dexterity (left hand)
 y - an uncursed ring of magical power
 C - a ring of protection from magic (right hand)
 J - an uncursed ring of positive energy
 Z - an uncursed ring of stealth {unknown}
Wands
 A - a wand of disintegration (9)
 F - a wand of digging (39)
 N - a wand of iceblast (13)
 X - a wand of enslavement (16)
Scrolls
 b - 2 scrolls of magic mapping
 g - 7 scrolls of remove curse
 j - a scroll of noise {unknown}
 l - a scroll of enchant weapon
 m - 2 scrolls of fear
 o - 2 scrolls of amnesia
 u - a scroll of immolation {unknown}
 x - 4 scrolls of teleportation
 H - a scroll of vulnerability {unknown}
 I - a scroll of blinking {unknown}
 L - a scroll of random uselessness {unknown}
 M - a scroll of holy word {unknown}
 S - 2 scrolls of fog
Potions
 h - 4 potions of curing
 i - 2 potions of ambrosia {unknown}
 n - 3 potions of mutation
 p - 5 potions of agility {unknown}
 q - 5 potions of heal wounds {unknown}
 r - a potion of degeneration {unknown}
 s - 3 potions of brilliance {unknown}
 z - a potion of flight {unknown}
 B - 3 potions of might {unknown}
 D - 2 potions of lignification {unknown}
 W - a potion of resistance {unknown}
 Y - a potion of cancellation {unknown}
Comestibles
 c - 15 rations
 K - 7 chunks of flesh


   Skills:
 + Level 11.6 Fighting
 * Level 15.4 Polearms
 + Level 11.4 Armour
 + Level 10.5 Dodging


You had 11 spell levels left.
You didn't know any spells.

Dungeon Overview and Level Annotations

Branches:
Dungeon (11/15)            Temple (0/1) D:7            Lair (2/6) D:11
 Spider (1/4) Lair:2
  Swamp: Lair:2-4    Shoals: Lair:2-4       Orc: D:9-12

Altars:
Ashenzari
Cheibriados
Dithmenos
Fedhas
Hepliaklqana
Nemelex Xobeh
Okawaru
Sif Muna
Uskayaw
Vehumet
Wu Jian
Xom
Zin
The Shining One
Beogh

Shops:
D:6 *   D:11 [

Portals:
Trove: D:10 (give +4 storm dragon scales)


Innate Abilities, Weirdness & Mutations

You reflexively headbutt those who attack you in melee.
You have a pair of horns on your head.


Message History

You feel a strong urge to attack something.
You are no longer berserk.
You are exhausted.
You feel yourself slow down.
You start resting.
Eating one of 8 chunks of flesh.
You eat one of the 8 chunks of flesh.
A red ugly thing is nearby!
You are no longer corroded.
You barely miss the red ugly thing. The red ugly thing barely misses you.
You furiously retaliate!
You headbutt the red ugly thing, but do no damage.
You puncture the red ugly thing!
The red ugly thing is poisoned.
The red ugly thing pecks you.
You are engulfed in flames!!
You barely miss the red ugly thing. The red ugly thing pecks you!
* * * LOW HITPOINT WARNING * * *
You are engulfed in flames!!
* * * LOW HITPOINT WARNING * * *
The red ugly thing pecks you but does no damage.
The red ugly thing pecks you!
You die...

...##..................# #.....#
...##..................# #.[...#
#..##..##..............# #.....#
#..##..##..............# #))...#
#..##..##..##..........# #.....#
#..##..######.....##...####.....#
#.....## ##....##.............
#..(.## ##...##..####.......
#...## ##@.##..# #....... #...#
#u.##..# #....... #...# ##.##..#
#...#... #...# #.##..# #...#...
#...# #.##..# #...#... #...#
#.##..# #...#... #...# #.##..#
#...#... #...# #.##..# #...#...
#...# #.....# #...#...


You could see a red ugly thing.

Vanquished Creatures
  4 two-headed ogres
  The ghost of Ratty the Archer, a novice CeHu of Okawaru (D:10)
  The ghost of Ratty the Archer, a novice CeHu of Okawaru (D:8)
  The ghost of othur the Carver, a novice MiFi of Ru (D:7)
  An unseen horror (D:10)
  3 ugly things (D:11)
  A black mamba (Lair:2)
  7 spiny frogs
  A rime drake (Lair:1)
  A komodo dragon (D:10)
  3 trolls
  A jumping spider (Spider:1)
  9 blink frogs
  3 hippogriffs
  Sigmund (D:5)
  15 yaks (Lair:2)
  A basilisk (Lair:2)
  Menkaure (D:5)
  4 water moccasins
  Duvessa (D:6)
  3 porcupines (Lair:2)
  2 sky beasts
  2 orc warriors
  2 phantoms
  A black bear (D:10)
  2 ice beasts
  9 ogres
  A necrophage (D:10)
  6 wolves (Lair:1)
  7 centaurs
  4 crocodiles
  2 big kobolds
  5 bullfrogs
  Dowan (D:6)
  5 scorpions
  3 wights (D:8)
  3 howler monkeys (D:8)
  A bullfrog zombie (D:7)
  A centaur zombie (D:7)
  5 crimson imps
  8 hounds
  A gnoll shaman (D:6)
  3 orc priests
  3 bullfrog skeletons
  2 centaur skeletons
  2 iguanas (D:4)
  Ijyb (D:5)
  4 orc wizards
  A worker ant (D:5)
  A killer bee zombie (D:7)
  A hound zombie (D:11)
  4 hound skeletons
  2 worker ant zombies
  Robin (D:1)
  10 gnolls
  2 howler monkey skeletons
  8 adders
  2 shadow imps
  3 oozes
  3 worms
  2 leopard geckos
  59 orcs
  8 giant cockroaches
  11 hobgoblins
  3 jackals (D:6)
  16 kobolds
  4 quokkas
  6 bats
  2 frilled lizards (D:5)
  21 goblins
  A quokka skeleton (D:4)
  5 rats
325 creatures vanquished.

Vanquished Creatures (others)
  3 bushes (Lair:1)
3 creatures vanquished.

Grand Total: 328 creatures vanquished

Notes
Turn   | Place    | Note
-------+----------+-------------------------------------------
     0 | D:1      | Mimshu the Minotaur Berserker began the quest for the Orb.
     0 | D:1      | Reached XP level 1. HP: 19/19 MP: 0/0
    27 | D:1      | Found a shimmering altar of Xom.
    47 | D:1      | Reached XP level 2. HP: 25/27 MP: 1/1
   202 | D:1      | Reached skill level 4 in Polearms
   883 | D:2      | Noticed Robin
   896 | D:1      | Reached XP level 3. HP: 25/33 MP: 2/2
  1134 | D:1      | Reached ** piety under Trog
  1323 | D:1      | Killed Robin
  1724 | D:2      | Found a deep blue altar of Sif Muna.
  1968 | D:2      | Reached XP level 4. HP: 40/40 MP: 3/3
  2771 | D:3      | Found a shimmering altar of Xom.
  2777 | D:3      | Found a glowing golden altar of the Shining One.
  2785 | D:3      | Found an ornate altar of the Wu Jian Council.
  2892 | D:3      | Reached skill level 5 in Polearms
  2907 | D:3      | Reached XP level 5. HP: 39/47 MP: 4/4
  3573 | D:4      | Noticed a phantom
  3595 | D:4      | Killed a phantom
  3595 | D:4      | Reached skill level 5 in Fighting
  3595 | D:4      | Reached skill level 6 in Polearms
  3595 | D:4      | Reached XP level 6. HP: 24/56 MP: 5/5
  3840 | D:4      | Found a sparkling altar of Nemelex Xobeh.
  4057 | D:4      | Found a snail-covered altar of Cheibriados.
  4162 | D:4      | Reached *** piety under Trog
  4164 | D:4      | Reached XP level 7. HP: 61/61 MP: 6/6
  4278 | D:4      | Found a radiant altar of Vehumet.
  4580 | D:5      | Entered Level 5 of the Dungeon
  4605 | D:5      | Found a shattered altar of Ashenzari.
  4641 | D:5      | Found a blossoming altar of Fedhas.
  4773 | D:5      | Noticed Sigmund
  4781 | D:5      | Killed Sigmund
  4781 | D:5      | Reached skill level 7 in Polearms
  4781 | D:5      | Reached skill level 5 in Armour
  4843 | D:5      | Found a glowing drain.
  4886 | D:5      | Found an iron altar of Okawaru.
  4887 | D:5      | Found a glowing silver altar of Zin.
  4926 | D:5      | Noticed Ijyb
  4938 | D:5      | Killed Ijyb
  5312 | D:5      | Noticed Menkaure
  5319 | D:5      | Killed Menkaure
  5319 | D:5      | Reached XP level 8. HP: 70/70 MP: 7/7
  5515 | D:6      | Reached skill level 8 in Polearms
  5563 | D:6      | Reached skill level 5 in Dodging
  6100 | D:6      | Found Isupn's General Store.
  6118 | D:6      | Bought a scroll of identify for 28 gold pieces
  6118 | D:6      | Bought a scroll of identify for 28 gold pieces
  6285 | D:6      | Reached skill level 9 in Polearms
  6466 | D:6      | Found a shadowy altar of Dithmenos.
  6468 | D:6      | Noticed Duvessa
  6469 | D:6      | Noticed Dowan
  6475 | D:6      | Killed Duvessa
  6494 | D:6      | Killed Dowan
  6865 | D:7      | Reached **** piety under Trog
  7061 | D:7      | Reached XP level 9. HP: 79/79 MP: 8/8
  7089 | D:7      | Found a hide-covered altar of Uskayaw.
  7421 | D:7      | Found a staircase to the Ecumenical Temple.
  7483 | D:7      | Noticed othur's ghost (novice MiFi)
  7492 | D:7      | Killed othur's ghost
  7492 | D:7      | Reached skill level 10 in Polearms
  8156 | D:8      | Received a gift from Trog
  8174 | D:8      | Reached skill level 11 in Polearms
  8389 | D:8      | Noticed Ratty's ghost (novice CeHu)
  8417 | D:8      | Killed Ratty's ghost
  8417 | D:8      | Reached XP level 10. HP: 63/90 MP: 9/9
  8890 | D:8      | Noticed a two-headed ogre
  8902 | D:8      | Killed a two-headed ogre
  9045 | D:9      | Reached skill level 12 in Polearms
  9199 | D:9      | Noticed a two-headed ogre
  9213 | D:9      | Killed a two-headed ogre
  9373 | D:9      | Found a hazy altar of Hepliaklqana.
  9588 | D:9      | Reached ***** piety under Trog
  9757 | D:9      | Found a roughly hewn altar of Beogh.
  9933 | D:9      | Noticed a two-headed ogre
  9947 | D:9      | Killed a two-headed ogre
 10166 | D:10     | Entered Level 10 of the Dungeon
 10319 | D:10     | Reached skill level 13 in Polearms
 10319 | D:10     | Reached XP level 11. HP: 77/99 MP: 10/10
 10547 | D:10     | Killed an unseen horror
 10547 | D:10     | Reached skill level 10 in Fighting
 10663 | D:10     | Found the ring of the Mage {Wiz MR++ Int+3}
 10683 | D:10     | Found an iron altar of Okawaru.
 10821 | D:10     | Noticed a two-headed ogre
 10832 | D:10     | Killed a two-headed ogre
 11162 | D:10     | Noticed Ratty's ghost (novice CeHu)
 11174 | D:10     | Killed Ratty's ghost
 11174 | D:10     | Reached skill level 10 in Armour
 11271 | D:10     | Found a portal to a secret trove of treasure.
 11436 | D:11     | Found Qak Umae's Armour Shop.
 11452 | D:11     | Found a staircase to the Lair.
 11489 | Lair:1   | Entered Level 1 of the Lair of Beasts
 11500 | Lair:1   | Received a gift from Trog
 11927 | Lair:1   | Reached skill level 14 in Polearms
 12547 | Lair:2   | Reached XP level 12. HP: 88/110 MP: 11/11
 12569 | Lair:2   | Reached skill level 10 in Dodging
 13416 | Lair:2   | Reached skill level 15 in Polearms
 13458 | Lair:2   | Received a gift from Trog
 13879 | Lair:2   | Found a hole to the Spider Nest.
 14029 | Lair:2   | Found a hazy altar of Hepliaklqana.
 14208 | Spider:1 | Entered Level 1 of the Spider Nest
 14426 | D:11     | Got a fine ring mail
 14427 | D:11     | Identified the +7 ring mail "Murillon" {rN+ Int+2} (You found it on level 11 of the Dungeon)
 14520 | D:11     | Slain by a red ugly thing

Skill      XL: |  1  2  3  4  5  6  7  8  9 10 11 12 |
---------------+-------------------------------------+-----
Polearms       | 4 5 6 7 9 11 13 14 15 | 15.4
Fighting       | 4 5 6 7 8 9 11 | 11.6
Armour         | 3 4 5 6 8 9 10 11 | 11.4
Dodging        | 3 4 6 7 8 9 10 | 10.5

Action                   |  1- 3 |  4- 6 |  7- 9 | 10-12 || total
-------------------------+-------+-------+-------+-------++-------
Melee: Spear             |    97 |   162 |   398 |   117 ||   774
       Headbutt          |    14 |    36 |    82 |   115 ||   247
       Trident           |       |       |       |   433 ||   433
Throw: Javelin           |       |       |       |     1 ||     1
Invok: Berserk           |     2 |     3 |     6 |     3 ||    14
       Burn Spellbooks   |       |       |       |     2 ||     2
  Use: Scroll            |     2 |     1 |    16 |    13 ||    32
       Potion            |       |       |       |     1 ||     1
 Stab: Sleeping          |     1 |       |       |       ||     1
  Eat: Chunk             |     2 |     2 |     5 |    10 ||    19
       Ration            |     1 |     2 |     4 |     4 ||    11
Armor: Animal skin       |     5 |       |       |       ||     5
       Ring mail         |    15 |    25 |    36 |     6 ||    82
       Plate armour      |       |       |    21 |   148 ||   169
Dodge: Dodged            |    60 |    59 |   105 |   204 ||   428
